 Dungeon Crawl Stone Soup version 0.26-a0-597-gb535b0901c (webtiles) character file.

Game seed: 10558428529503973462

562 Lanoc the Digger (level 7, -12/36 HPs)
             Began as a Deep Elf Earth Elementalist on Sept 9, 2020.
             Shot with an arrow by a centaur (17 damage)
             ... on level 5 of the Dungeon.
             The game lasted 00:05:09 (4640 turns).

Lanoc the Digger (Deep Elf Earth Elementalist)      Turns: 4640, Time: 00:05:10

Health: -12/36     AC:  2    Str:  4 (5)  XL:     7   Next: 10%
Magic:  16/16      EV: 14    Int: 19 (22) God:
Gold:   142        SH:  0    Dex: 12 (15) Spells: 8/16 levels left

rFire    . . .     SeeInvis .   d - +7 club
rCold    . . .     Faith    .   (no shield)
rNeg     . . .     Spirit   .   c - +0 robe
rPois    .         Reflect  .   (no helmet)
rElec    .         Harm     .   (no cloak)
rCorr    +                      (no gloves)
MR       .....                  (no boots)
Stlth    ++........             (no amulet)
HPRegen  0.12/turn              m - ring of resist corrosion
MPRegen  0.15/turn              (no ring)

@: flying
A: no striking features
a: no special abilities


You were on level 5 of the Dungeon.
You visited 1 branch of the dungeon, and saw 5 of its levels.

You collected 142 gold pieces.

Inventory:

Hand Weapons
 d - a +7 club (weapon)
Missiles
 b - 123 stones (quivered)
Armour
 c - a +0 robe (worn)
Jewellery
 m - a ring of resist corrosion (left hand)
Wands
 a - a wand of iceblast (9)
 k - a wand of flame (22)
Scrolls
 f - 4 scrolls of amnesia {unknown}
 i - 2 scrolls of magic mapping {unknown}
 j - 3 scrolls of identify {unknown}
 l - 2 scrolls of random uselessness {unknown}
 n - a scroll of enchant armour {unknown}
 o - 2 scrolls of teleportation {unknown}
 p - a scroll of enchant weapon {unknown}
Potions
 e - a potion of degeneration
 h - a potion of cancellation
 q - a potion of lignification {unknown}


   Skills:
 + Level 5.2 Dodging
 - Level 2.4 Stealth
 + Level 5.2 Spellcasting
 - Level 1.1 Transmutations
 * Level 6.9 Earth Magic


You had 8 spell levels left.
You knew the following spells:

 Your Spells              Type           Power        Failure   Level
a - Sandblast             Erth           ####..       1%          1
b - Passwall              Tmut/Erth      ###.....     3%          2
c - Lee's Rapid Deconstr  Erth           ####......   19%         5

Your spell library contained the following spells:

 Spells                   Type           Power        Failure   Level
 Stone Arrow              Conj/Erth      ###...       9%          3
 Petrify                  Tmut/Erth      ###.....     22%         4


Dungeon Overview and Level Annotations

Branches:
Dungeon (5/15)
 Temple: D:4-7

Altars:
Makhleb
Nemelex Xobeh

Shops:
D:4 (


Message History

The arrow closely misses you.
The centaur shoots an arrow.
The arrow hits you!
The centaur shoots an arrow.
The arrow hits you.
Found an escape hatch in the floor.
You see here 2 arrows.
You are too injured to fight recklessly!
The centaur shoots an arrow.
The arrow hits you.
You see here an arrow.
The centaur shoots an arrow.
The arrow hits you but does no damage.
You see here an arrow.
It was a potion of degeneration.
There was something very wrong with that liquid.
You feel weakened.
You feel dopey.
You feel clumsy.
The centaur shoots an arrow.
The arrow hits you!
* * * LOW HITPOINT WARNING * * *
It was a potion of cancellation.
You feel magically purged.
It was a potion of flight.
You feel very buoyant.
You fly up into the air.
The centaur shoots an arrow.
The arrow hits you!
You die...

#.........##
#..##......###
#.......##......
#.##...###.#####
##..##..# #
##...#.. .##
##..##..## ..##
#..##
#..##....##
##.##
#..@#.....#
#..####.(..c....
#....##.(.......
#....(..#.......
#.....####......
#.....# #.....
#.....[.. .....
####...... .....
##...... ....


You could see a centaur.

Vanquished Creatures
  An ice beast (D:5)
  2 wights (D:5)
  A crimson imp (D:4)
  A centaur skeleton (D:4)
  A jelly (D:4)
  Ijyb (D:3)
  4 worker ants
  A hound zombie (D:5)
  2 hound skeletons
  4 adders
  A white imp (D:5)
  An ufetubus (D:5)
  2 oozes
  A dart slug (D:1)
  2 leopard geckos
  5 orcs (D:4)
  3 giant cockroaches
  11 goblins
  7 hobgoblins
  6 jackals (D:3)
  5 kobolds
  A quokka (D:4)
  A ball python (D:2)
  3 bats
  5 frilled lizards
  2 rats (D:3)
74 creatures vanquished.

Notes
Turn   | Place    | Note
-------+----------+-------------------------------------------
     0 | D:1      | Lanoc the Deep Elf Earth Elementalist began the quest for
                  | the Orb.
     0 | D:1      | Reached XP level 1. HP: 10/10 MP: 6/6
   312 | D:1      | Reached XP level 2. HP: 15/15 MP: 6/8
   686 | D:1      | Reached skill level 4 in Earth Magic
  1029 | D:2      | Reached XP level 3. HP: 15/19 MP: 2/9
  1033 | D:2      | Learned a level 2 spell: Passwall
  1085 | D:2      | Found a sparkling altar of Nemelex Xobeh.
  1573 | D:3      | Reached XP level 4. HP: 11/24 MP: 6/10
  2142 | D:3      | Noticed Ijyb
  2178 | D:3      | Killed Ijyb
  2178 | D:3      | Reached skill level 5 in Earth Magic
  2323 | D:4      | Found Jom Gaul's Weapon Boutique.
  2393 | D:4      | Reached XP level 5. HP: 23/28 MP: 12/12
  3184 | D:4      | Found a burning altar of Makhleb.
  3235 | D:4      | Reached skill level 6 in Earth Magic
  3235 | D:4      | Reached XP level 6. HP: 18/32 MP: 10/14
  3752 | D:4      | Learned a level 5 spell: Lee's Rapid Deconstruction
  3911 | D:5      | Entered Level 5 of the Dungeon
  4085 | D:5      | Noticed an ice beast
  4093 | D:5      | Killed an ice beast
  4311 | D:5      | Reached skill level 5 in Dodging
  4312 | D:5      | Reached skill level 5 in Spellcasting
  4411 | D:5      | Reached XP level 7. HP: 33/36 MP: 16/16
  4640 | D:5      | Shot with an arrow by a centaur

Illustrated notes

Levels and vault maps discovered:
D:1:      sevenhm_arrival_forest_fort_large_2, layout_loops_cross
D:2:      layout_basic, nemelex_xobeh_ov_fountains_minmay,
          kennysheep_vampire_church, marbit_many_paths
D:3:      layout_basic, uniq_ijyb
D:4:      layout_loops_cross, makhleb_grotto_becter, serial_shops, shop_statue
D:5:      layout_layer_cave, serial_shops, shop, minivault_25, uniq_sigmund

Skill      XL: |  1  2  3  4  5  6 |
---------------+-------------------+-----
Earth Magic    | 4 5 6 |  6.9
Dodging        | 3 4 5 |  5.2
Spellcasting   | 4 5 |  5.2
Stealth        | |  2.4
Transmutations | |  1.1

Action                   |  1- 3 |  4- 6 |  7- 9 || total
-------------------------+-------+-------+-------++-------
Melee: Unarmed           |    26 |    11 |       ||    37
       Club              |       |    68 |     5 ||    73
 Cast: Sandblast         |    50 |    48 |     4 ||   102
  Use: Potion            |       |     5 |     3 ||     8
 Stab: Sleeping          |       |     1 |       ||     1
       Distracted        |       |     1 |       ||     1
Armor: Robe              |     4 |    14 |     1 ||    19
Dodge: Dodged            |    34 |   106 |     6 ||   146

Table legend: (Time is in decaauts)
 A = Elapsed time spent in this place.
 B = Non-inter-level travel time spent in this place.
 C = Inter-level travel time spent in this place.
 D = Time resting spent in this place.
 E = Time spent auto-exploring this place.
 F = Levels seen in this place.
 G = Mean time per level.
                   A        B        C        D        E       F      G
               +--------+--------+--------+--------+--------+-----+--------+
         Total |   4659 |   4559 |    100 |      0 |   4055 |   5 |  931.8 |
       Dungeon |   4659 |   4559 |    100 |      0 |   4055 |   5 |  931.8 |
               +--------+--------+--------+--------+--------+-----+--------+

Top non-repeatable levels by time:
     D:4: 1609 daAuts
     D:3: 1168 daAuts
     D:1: 997 daAuts
     D:5: 737 daAuts
     D:2: 146 daAuts
